 Dungeon Crawl Stone Soup version 0.21.1-1-g345015fe64 (webtiles) character file.

264 ImError the Bolt Thrower (level 6, 0/38 HPs)
             Began as a Kobold Hunter on June 11, 2018.
             Slain by an ogre
             ... wielding a +0 giant club
              (15 damage)
             ... on level 4 of the Dungeon.
             The game lasted 00:11:51 (3790 turns).

ImError the Bolt Thrower (Kobold Hunter)            Turns: 3790, Time: 00:11:52

Health: 0/38       AC:  4    Str: 16    XL:     6   Next: 43%
Magic:  6/6        EV: 16    Int: 12    God:
Gold:   168        SH:  0    Dex: 17    Spells: 5/5 levels left

rFire    . . .     SeeInvis .   a - +1 hand crossbow
rCold    . . .     Gourm    .   (shield restricted)
rNeg     . . .     Faith    .   c - +0 leather armour
rPois    .         Spirit   .   (no helmet)
rElec    .         Reflect  .   (no cloak)
rCorr    .         Harm     .   p - +0 pair of gloves
MR       +....                  (no boots)
Stlth    +++.......             s - amulet of inaccuracy (curse)
HPRegen  0.12/turn              v - +6 ring of strength
MPRegen  0.10/turn              n - ring of protection from magic

@: no status effects
A: small, carnivore
a: no special abilities


You were on level 4 of the Dungeon.
You were very full.

You visited 1 branch of the dungeon, and saw 4 of its levels.

You collected 168 gold pieces.

Inventory:

Hand Weapons
 a - a +1 hand crossbow (weapon)
 b - a +3 dagger
 h - a +0 flail
Missiles
 d - 27 bolts (quivered)
 j - 67 stones
 k - a throwing net
Armour
 c - a +0 leather armour (worn)
 p - a +0 pair of gloves (worn)
Jewellery
 e - an uncursed ring of protection from cold
 n - a ring of protection from magic (right hand)
 s - a cursed amulet of inaccuracy (around neck)
 v - a +6 ring of strength (left hand)
Scrolls
 i - a scroll of immolation
 w - 2 scrolls of teleportation
 y - 2 scrolls of identify
 A - a scroll of fear {unknown}
Potions
 g - 3 potions of curing
 l - 4 potions of might
 m - 2 potions of brilliance {unknown}
 o - a potion of berserk rage {unknown}
 q - a potion of magic {unknown}
 r - a potion of heal wounds {unknown}
 t - 2 potions of cancellation
 u - a potion of agility {unknown}
 x - a potion of haste {unknown}
Comestibles
 f - 7 rations
 z - a chunk of flesh


   Skills:
 + Level 4.2 Fighting
 - Level 0.3 Short Blades
 + Level 6.1 Crossbows
 + Level 4.0 Dodging
 + Level 4.0 Stealth


You had 5 spell levels left.
You didn't know any spells.

Dungeon Overview and Level Annotations

Branches:
Dungeon (4/15)
 Temple: D:4-7

Altars:
Xom


Innate Abilities, Weirdness & Mutations

You are small and have problems with some larger weapons.
You are carnivorous and can eat meat at any time.


Message History

You shoot a bolt. The bolt hits the centaur.
The centaur is almost dead.
The centaur shoots an arrow.
The arrow barely misses you.
The centaur shoots an arrow.
The arrow hits you.
* * * LOW HITPOINT WARNING * * *
Firing (i - inventory. (,) - cycle):
d - 28 bolts (quivered)
Press: ? - help, Shift-Dir - straight line, f/p - centaur
Aim: a centaur, wielding a shortbow (almost dead)
You shoot a bolt. The bolt hits the centaur!
You kill the centaur!
Your Crossbows skill increases to level 6!
Your Dodging skill increases to level 4!
Your Stealth skill increases to level 4!
A worker ant comes into view.
It was a potion of cancellation.
You feel magically purged.
You see here 23 sling bullets.
The worker ant waves its antennae.
There is a stone staircase leading up here.
The ogre hits you with a giant club!
You die...

#.# ###.##.# #.#
#..# # #....(.##
#.# #.##
#.####.#.#.#.###
#.# #.#
.........O###..#
#.# #.######
.#####.#.#.#.#.#
#.# #...O.a. .#
#......##.# #.#
######## .#
###.##.##.# #.#
.#
#.##.##a####.###
.# #.
#.##.O@.....# .#
#. #.........#.#
.# ##
###########.# .#
#.# .# #.# .#
#.# ## #.# #.#
#.#


You could see an ogre and a worker ant.

Vanquished Creatures
  A centaur (D:4)
  An orc wizard (D:3)
  Natasha (twice) (D:4)
  An adder (D:2)
  A river rat (D:3)
  3 worms
  2 dart slugs (D:1)
  3 leopard geckos
  6 orcs
  6 bats
  4 giant cockroaches
  7 goblins
  8 hobgoblins
  3 jackals (D:2)
  4 ball pythons (D:3)
  7 frilled lizards
  5 kobolds
  11 rats
75 creatures vanquished.

Notes
Turn   | Place    | Note
-------+----------+-------------------------------------------
     0 | D:1      | ImError the Kobold Hunter began the quest for the Orb.
     0 | D:1      | Reached XP level 1. HP: 12/12 MP: 1/1
   196 | D:1      | Reached skill level 5 in Crossbows
   216 | D:1      | Reached XP level 2. HP: 14/18 MP: 2/2
   436 | D:1      | Reached XP level 3. HP: 8/22 MP: 3/3
  1757 | D:2      | Reached XP level 4. HP: 26/28 MP: 4/4
  2858 | D:3      | Reached XP level 5. HP: 22/33 MP: 5/5
  3477 | D:4      | Found a shimmering altar of Xom.
  3508 | D:4      | Noticed Natasha
  3513 | D:4      | Killed Natasha
  3645 | D:4      | Noticed Natasha
  3650 | D:4      | Killed Natasha
  3650 | D:4      | Reached XP level 6. HP: 38/38 MP: 6/6
  3726 | D:4      | Noticed an ogre
  3728 | D:4      | Reached skill level 6 in Crossbows
  3790 | D:4      | Slain by an ogre

Skill      XL: |  1  2  3  4  5  6 |
---------------+-------------------+-----
Crossbows      | 5 6 |  6.1
Fighting       | 3 4 |  4.2
Stealth        | 2 3 4 |  4.0
Dodging        | 3 4 |  4.0
Short Blades   | |  0.3

Action                   |  1- 3 |  4- 6 || total
-------------------------+-------+-------++-------
Melee: Short sword       |    27 |       ||    27
       Spear             |   108 |       ||   108
       Flail             |     1 |    27 ||    28
       Dagger            |       |    89 ||    89
 Fire: Hand crossbow     |     6 |    35 ||    41
Throw: Stone             |       |     7 ||     7
  Use: Scroll            |       |     4 ||     4
       Potion            |       |     1 ||     1
 Stab: Sleeping          |     5 |     3 ||     8
  Eat: Chunk             |    11 |     6 ||    17
Armor: Leather armour    |    29 |    14 ||    43
Dodge: Dodged            |   120 |    91 ||   211
